 Dungeon Crawl Stone Soup version 0.18.1-48-g4cf74bf (webtiles) character file.

13995 tyranidshit the Protected (level 11, -1/92 HPs)
             Began as a Demonspawn Abyssal Knight on Sept 7, 2016.
             Was the Champion of Lugonu.
             Slain by an eight-headed hydra (5 damage)
             ... on level 3 of the Lair of Beasts.
             The game lasted 00:45:38 (9574 turns).

tyranidshit the Protected (DsAK)                    Turns: 9574, Time: 00:45:41

Health: -1/92      AC: 24    Str: 22    XL:     11   Next: 82%
Magic:  0/12       EV:  7    Int: 13    God:    Lugonu [******]
Gold:   473        SH:  4    Dex: 12    Spells: 1 memorised, 9 levels left

rFire  . . .     SeeInvis .     g - +3 hand axe (elec)
rCold  . . .     Gourm    .     y - +0 plate armour
rNeg   . . .     Faith    .     (no shield)
rPois  .         Spirit   +     H - +0 helmet
rElec  .         Dismiss  .     x - +1 cloak
rCorr  .         Reflect  .     (no gloves)
SustAt .         Harm     .     (no boots)
MR     +....     Clarity  +     i - amulet of guardian spirit
Stlth  ..........               F - +2 ring of protection
                                D - +5 ring of strength

@: somewhat resistant to hostile enchantments, extremely unstealthy
A: claws 2, large bone plates 3, clarity, magic resistance 1, nightstalker 1,
powered by pain 2, screaming 1
a: Depart the Abyss, Bend Space, Banish, Corrupt, Enter the Abyss, Brand Weapon
With Distortion, Renounce Religion


You were on level 3 of the Lair of Beasts.
You worshipped Lugonu.
Lugonu was exalted by your worship.
You were hungry.

You visited 3 branches of the dungeon, and saw 14 of its levels.
You visited the Abyss 1 time.

You collected 786 gold pieces.
You spent 313 gold pieces at shops.

Inventory:

Hand Weapons
 g - a +3 hand axe of electrocution (weapon)
 u - the +0 rapier of Hacking and Slashing {freeze, +Inv rF- Str+4 Dex-2}
   (You bought it in a shop on level 6 of the Dungeon)

   It has been specially enchanted to freeze those struck by it, causing extra
   injury to most foes and up to half again as much damage against particularly
   susceptible opponents.
   It can also slow down cold-blooded creatures.
   It affects your strength (+4).
   It affects your dexterity (-2).
   It makes you vulnerable to fire.
   It lets you turn invisible.
 K - a +0 broad axe
Armour
 x - a +1 cloak (worn)
 y - a +0 plate armour (worn)
 H - a +0 helmet (worn)
Jewellery
 b - an uncursed ring of protection from cold
 e - an uncursed ring of protection from magic
 f - an uncursed ring of fire
 i - an amulet of guardian spirit (around neck)
 k - an uncursed ring of magical power
 l - an uncursed ring of sustain attributes
 m - a +3 amulet of reflection
 A - an uncursed amulet of dismissal
 D - a +5 ring of strength (left claw)
 F - a +2 ring of protection (right claw)
Wands
 h - a wand of slowing (24/48)
 n - a wand of acid (7/15)
 r - a wand of acid (0/15)
 s - a wand of lightning (7/15)
 J - a wand of iceblast (5/15)
 M - a wand of polymorph (10/24)
Scrolls
 d - 8 scrolls of identify
 t - 9 scrolls of remove curse
 w - a scroll of summoning
 E - a scroll of magic mapping
Potions
 c - a potion of ambrosia
 v - a potion of agility
 C - 2 potions of lignification
 G - a potion of cancellation
Books
 z - a book of Annihilations

   Spells                             Type                      Level
   a - Poison Arrow                   Conjuration/Poison           6
   b - Chain Lightning                Conjuration/Air              8
   c - Lehudib's Crystal Spear        Conjuration/Earth            8
   d - Glaciate                       Conjuration/Ice              9
   e - Fire Storm                     Conjuration/Fire             9
 N - a book of Party Tricks

   Spells                             Type                      Level
   a - Summon Butterflies             Summoning                    1
   b - Apportation                    Translocation                1
   c - Tukima's Dance                 Hexes                        3
   d - Alistair's Intoxication        Transmutation/Poison         5
   e - Invisibility                   Hexes                        6
Miscellaneous
 q - a plain deck of escape
Comestibles
 a - 9 bread rations
 j - a meat ration
 o - 3 slices of pizza
 p - 9 beef jerkies
 B - 7 fruits


   Skills:
 - Level 10.8 Fighting
 - Level 10.4 Axes
 + Level 10.9 Armour
 - Level 0.8 Dodging
 - Level 2.4 Invocations


You had 9 spell levels left.
You knew the following spells:

 Your Spells              Type           Power        Failure   Level  Hunger
a - Apportation           Tloc           #.........   100%        1    ##.....


Dungeon Overview and Level Annotations

Branches:
Dungeon (9/15)             Temple (1/1) D:7            Lair (4/8) D:8
  Swamp: Lair:3-6    Shoals: Lair:3-6     Snake: Lair:3-6    Spider: Lair:3-6
    Orc: D:9-12

Altars:
Ashenzari
Cheibriados
Dithmenos
Elyvilon
Fedhas
Gozag
Kikubaaqudgha
Makhleb
Nemelex Xobeh
Okawaru
Pakellas
Qazlal
Ru
Sif Muna
Trog
Vehumet
Xom
Yredelemnul
The Shining One

Shops:
D:5 %   D:6 (   D:7 *   D:9 [


Innate Abilities, Weirdness & Mutations

You have very sharp fingernails.
You are completely covered in large bone plates (AC +4, SH +4).
You are slightly more attuned to the shadows.
You sometimes gain power by taking damage.
You possess an exceptional clarity of mind.
You are resistant to hostile enchantments.
You occasionally shout uncontrollably at your foes.


Message History

The eight-headed hydra bites you but does no damage.
The eight-headed hydra bites you!
* * * LOW HITPOINT WARNING * * *
You block the eight-headed hydra's attack.
The eight-headed hydra bites you but does no damage. x2
The eight-headed hydra bites you!
* * * LOW HITPOINT WARNING * * *
You climb upwards.
There is a stone staircase leading down here.
Evoke which item? (* to show all) (? for menu, Esc to quit)
Zapping:
h - a wand of slowing (25/48)
Press: ? - help, Shift-Dir - straight line, f - eight-headed hydra
Aim: an eight-headed hydra (chance to defeat MR: 19%)
The eight-headed hydra resists with almost no effort.
This wand has 24 charges left.
The eight-headed hydra bites you but does no damage. x2
The eight-headed hydra bites you.
* * * LOW HITPOINT WARNING * * *
The eight-headed hydra bites you.
You die...

............#.#.##.......#
.............### #.......###
...............###.#.......######
................##...............
.................................
.>...............................
.....#...........................
.................................
...#......(รทรท...@.............<..
.<.............D.................
..........................(......
.............>..###.#............
.............>####........######.
.............## ##.......# ##
............######......#.#
.......................####
.............^........P#


You could see an eight-headed hydra.

Vanquished Creatures
  2 black mambas
  3 spiny frogs (Lair:3)
  A rime drake (Lair:1)
  2 komodo dragons (Lair:3)
  A troll (D:9)
  20 yaks
  A wyvern (D:9)
  A basilisk (Lair:1)
  A hungry ghost (D:9)
  A hippogriff (Lair:2)
  2 wargs (D:8)
  6 water moccasins
  A swamp drake (Lair:1)
  The ghost of Ruka the Sneak, an amateur VSEn (D:5)
  4 porcupines
  3 orc warriors
  2 ice beasts
  2 black bears (D:9)
  A necrophage (D:7)
  3 sky beasts
  A phantom (D:6)
  3 wolves (Lair:4)
  5 ogres
  4 centaurs (D:9)
  13 crocodiles
  A gnoll sergeant (D:9)
  7 giant frogs
  2 scorpions
  8 killer bees
  12 wights
  4 howler monkeys (D:7)
  5 crimson imps
  4 hounds
  A giant frog zombie (D:7)
  3 jellies
  6 orc priests
  9 orc wizards
  13 iguanas
  6 worker ants
  A killer bee zombie (D:7)
  6 sheep (Lair:4)
  A hound zombie (D:7)
  2 mummies (D:7)
  2 worker ant zombies (D:7)
  13 adders
  11 gnolls
  16 river rats
  2 oozes (D:2)
  4 adder skeletons
  2 worms (D:7)
  4 dart slugs
  5 giant geckos
  18 orcs
  6 giant cockroaches
  5 goblins
  9 hobgoblins
  13 jackals
  10 kobolds
  2 quokkas
  3 ball pythons
  14 bats
  A giant gecko skeleton (D:5)
  7 giant newts
  2 quokka skeletons
  A quokka zombie (D:8)
  13 rats
338 creatures vanquished.

Vanquished Creatures (others)
  An iguana (Lair:1)
  An orc (D:4)
2 creatures vanquished.

Grand Total: 340 creatures vanquished

Notes
Turn   | Place    | Note
--------------------------------------------------------------
     0 | Abyss:1  | tyranidshit the Demonspawn Abyssal Knight began the quest for the Orb.
     0 | Abyss:1  | Reached XP level 1. HP: 18/18 MP: 2/2
    84 | D:1      | Escaped the Abyss
   316 | D:1      | Gained mutation: You are partially covered in large bone plates (AC +2, SH +2). [demonic ancestry]
   316 | D:1      | Reached XP level 2. HP: 24/24 MP: 3/3
   569 | D:1      | Reached ** piety under Lugonu
   675 | D:2      | Gained mutation: You have sharp fingernails. [demonic ancestry]
   675 | D:2      | Reached XP level 3. HP: 25/30 MP: 4/4
   854 | D:2      | Gained mutation: You are mostly covered in large bone plates (AC +3, SH +3). [potion of beneficial mutation]
   971 | D:2      | Gained mutation: You have very sharp fingernails. [demonic ancestry]
   971 | D:2      | Reached XP level 4. HP: 33/38 MP: 5/5
  1028 | D:2      | Reached skill level 5 in Fighting
  1490 | D:3      | Reached *** piety under Lugonu
  1490 | D:3      | Gained mutation: You sometimes gain a little power by taking damage. [demonic ancestry]
  1490 | D:3      | Reached XP level 5. HP: 13/46 MP: 6/6
  1798 | D:3      | HP: 2/47 [poisoned by an adder]
  1967 | D:3      | Noticed a sky beast
  2011 | D:4      | Killed a sky beast
  2011 | D:4      | Gained mutation: You sometimes gain power by taking damage. [demonic ancestry]
  2011 | D:4      | Reached XP level 6. HP: 8/55 MP: 7/7
  2349 | D:4      | Gained mutation: You are completely covered in large bone plates (AC +4, SH +4). [demonic ancestry]
  2349 | D:4      | Reached XP level 7. HP: 50/62 MP: 8/8
  2384 | D:4      | Found a snail-covered altar of Cheibriados.
  2384 | D:4      | Found a shimmering altar of Xom.
  2836 | D:4      | Found a shadowy altar of Dithmenos.
  3200 | D:3      | Reached **** piety under Lugonu
  3236 | D:3      | Found a sacrificial altar of Ru.
  3328 | D:3      | Found a burning altar of Makhleb.
  3502 | D:5      | Entered Level 5 of the Dungeon
  3502 | D:5      | Noticed Ruka's ghost (amateur VSEn)
  3514 | D:4      | Reached XP level 8. HP: 72/72 MP: 9/9
  3520 | D:5      | Killed Ruka's ghost
  3520 | D:5      | Reached skill level 10 in Fighting
  3653 | D:5      | Found Cohohit's Food Emporium.
  3691 | D:5      | Found an oddly glowing altar of Pakellas.
  3876 | D:5      | Found a basalt altar of Yredelemnul.
  4002 | D:5      | Found an opulent altar of Gozag.
  4276 | D:6      | Found an iron altar of Okawaru.
  4408 | D:6      | Found Egeriaba's Antique Weapon Shop.
  4411 | D:6      | Bought an ancient rapier for 216 gold pieces
  4411 | D:6      | Identified the +0 rapier of Hacking and Slashing {freeze, +Inv rF- Str+4 Dex-2} (You bought it in a shop on level 6 of the Dungeon)
  4444 | D:6      | Reached ***** piety under Lugonu
  4484 | D:6      | Found a radiant altar of Vehumet.
  4658 | D:6      | Found a white marble altar of Elyvilon.
  4735 | D:6      | Found a deep blue altar of Sif Muna.
  4815 | D:7      | Mutation became permanent: You are completely covered in large bone plates (AC +4, SH +4). [demonic ancestry]
  4815 | D:7      | Reached XP level 9. HP: 60/79 MP: 10/10
  4908 | D:7      | Found a staircase to the Ecumenical Temple.
  5008 | Temple   | Entered the Ecumenical Temple
  5197 | D:7      | Reached skill level 5 in Armour
  5225 | D:7      | Reached skill level 5 in Axes
  5285 | D:7      | Found Qiusaptyob's Elemental Accessories.
  5360 | D:7      | Found Mupinus's General Store.
  5365 | D:7      | Bought a scroll of enchant armour for 97 gold pieces
  5457 | D:7      | Found a sparkling altar of Nemelex Xobeh.
  5727 | D:7      | Noticed a moth of wrath
  5750 | D:7      | Found a bloodstained altar of Trog.
  5886 | D:8      | Found a staircase to the Lair.
  5911 | D:7      | HP: 3/79 [warg (3)]
  6583 | D:9      | Found a shattered altar of Ashenzari.
  6595 | D:9      | Gained mutation: You are slightly more attuned to the shadows. [demonic ancestry]
  6595 | D:9      | Reached XP level 10. HP: 81/86 MP: 11/11
  6990 | D:9      | Reached ****** piety under Lugonu
  7326 | D:9      | Found Zeoss's Antique Armour Emporium.
  7597 | Lair:1   | Entered Level 1 of the Lair of Beasts
  7638 | D:8      | Reached XP level 11. HP: 81/92 MP: 12/12
  7693 | Lair:1   | Noticed a five-headed hydra
  7895 | Lair:1   | Gained mutation: You possess an exceptional clarity of mind. [potion of beneficial mutation]
  8249 | Lair:1   | Reached skill level 10 in Armour
  8262 | Lair:1   | Gained mutation: You are resistant to hostile enchantments. [potion of mutation]
  8262 | Lair:1   | Gained mutation: You occasionally shout uncontrollably at your foes. [potion of mutation]
  8678 | Lair:2   | Reached skill level 10 in Axes
  9430 | Lair:4   | Learned a level 1 spell: Apportation
  9504 | Lair:4   | Noticed a four-headed hydra
  9561 | Lair:4   | Noticed an eight-headed hydra
  9574 | Lair:3   | HP: 4/92 [eight-headed hydra (5)]
  9574 | Lair:3   | Slain by an eight-headed hydra

Skill      XL: |  1  2  3  4  5  6  7  8  9 10 11 |
---------------+----------------------------------+-----
Fighting       | 4 5 7 8 9 10 | 10.8
Axes           | 3 6 8 10 | 10.4
Armour         | 3 6 9 10 | 10.9
Dodging        | |  0.8
Invocations    | |  2.4

Action                   |  1- 3 |  4- 6 |  7- 9 | 10-12 || total
-------------------------+-------+-------+-------+-------++-------
Melee: Hand axe          |    90 |   138 |   475 |   492 ||  1195
Invok: Bend Space        |       |       |       |     2 ||     2
Evoke: Wand              |       |     5 |       |    13 ||    18
  Use: Scroll            |     5 |     2 |    12 |    12 ||    31
       Potion            |     3 |     4 |     4 |     5 ||    16
 Stab: Sleeping          |     1 |       |       |       ||     1
       Confused          |       |       |       |     3 ||     3
       Invisible         |       |       |       |     1 ||     1
  Eat: Bread ration      |       |     1 |     3 |     2 ||     6
       Meat ration       |       |       |     1 |       ||     1
Armor: Leather armour    |    25 |       |       |       ||    25
       Chain mail        |    19 |   134 |   253 |       ||   406
       Plate armour      |       |       |    22 |   344 ||   366
Dodge: Dodged            |    46 |    53 |   150 |   155 ||   404
Block: Other             |     2 |    30 |   159 |    78 ||   269
       Reflection        |       |       |     3 |       ||     3
